 Dungeon Crawl Stone Soup version 0.21-a0-404-g291f19a (webtiles) character file.

81747 grizmgrazm2 the Thaumaturge (level 15, -4/115 HPs)
             Began as a Gnoll Summoner on Oct 28, 2017.
             Was the Champion of Jiyva.
             Slain by an eight-headed hydra (14 damage)
             ... on level 3 of the Swamp.
             The game lasted 03:32:26 (39131 turns).

grizmgrazm2 the Thaumaturge (Gnoll Summoner)       Turns: 39131, Time: 03:32:27

Health: -4/115     AC: 12    Str: 19    XL:     15   Next: 27%
Magic:  23/29      EV: 19    Int: 25    God:    Jiyva [******]
Gold:   296        SH:  7    Dex: 25    Spells: 4/35 levels left

rFire    + . .     SeeInvis .   C - +5 fustibalus of Wilixouh {venom, rC+++ MR- Str+6} (curse)
rCold    + + +     Gourm    .   E - +0 buckler "Ropaosop" {*Slow +Blink Dex+8 Stlth-} (curse)
rNeg     . . .     Faith    .   X - +0 leather armour {MR+} (curse)
rPois    +         Spirit   .   (no helmet)
rElec    +         Reflect  .   n - +2 cloak
rCorr    +         Harm     .   B - +0 pair of gloves of Distant Worlds {*Corrode rF+ Str+3 Int+2} (curse)
MR       ++...                  O - +0 pair of boots
Stlth    +++.......             A - amulet of magic regeneration (curse)
HPRegen  0.29/turn              u - ring of poison resistance (curse)
MPRegen  0.46/turn              K - ring of protection from magic (curse)

@: about to teleport
A: distributed training, fangs 1, thin metallic scales 1, electricity
resistance, eyeballs 1, gelatinous body 1, strong nose
}: 1/15 runes: slimy
a: Request Jelly, Slimify, Cure Bad Mutation, Renounce Religion, Evoke Blink


You were on level 3 of the Swamp.
You worshipped Jiyva.
Jiyva was exalted by your worship.
You were full.

You visited 7 branches of the dungeon, and saw 31 of its levels.
You also visited: Bailey and Ice Cave.

You collected 2631 gold pieces.
You spent 2335 gold pieces at shops.

Inventory:

Hand Weapons
 C - the cursed +5 fustibalus of Wilixouh (weapon) {venom, rC+++ MR- Str+6}
   (You took it off an orc on level 4 of the Dungeon)

   It poisons the ammo it fires.
   It affects your strength (+6).
   It renders you almost immune to cold.
   It affects your resistance to hostile enchantments.
   It has a curse placed upon it.
 N - a +7 falchion of holy wrath
 U - the +8 autumn katana {slice, Clar}
   (You took it off a frost giant in an ice cave)

   It inflicts extra damage upon your enemies.
   It protects you against confusion.
Missiles
 c - 65 sling bullets (quivered)
Armour
 h - a cursed +2 helmet of intelligence
 k - a cursed +1 shield of reflection
 n - a +2 cloak (worn)
 B - the cursed +0 pair of gloves of Distant Worlds (worn) {*Corrode rF+ Str+3 Int+2}
   (You found it on level 6 of the Lair of Beasts)

   It affects your strength (+3).
   It affects your intelligence (+2).
   It protects you from fire.
   It may corrode you when you take damage.
   It has a curse placed upon it.
 E - the cursed +0 buckler "Ropaosop" (worn) {*Slow +Blink Dex+8 Stlth-}
   (You acquired it on level 8 of the Dungeon)

   It affects your dexterity (+8).
   It lets you blink.
   It may slow you when you take damage.
   It makes you less stealthy.
   It has a curse placed upon it.
 L - the cursed scarf of the Doge {rC+}
   (You acquired it on level 2 of the Lair of Beasts)

   It protects you from cold.
   It has a curse placed upon it.
 O - a +0 pair of boots (worn)
 X - a cursed +0 leather armour of magic resistance (worn)
Jewellery
 i - an uncursed ring of positive energy
 u - a cursed ring of poison resistance (left hand)
 v - a +3 ring of dexterity
 A - a cursed amulet of magic regeneration (around neck)
 K - a cursed ring of protection from magic (right hand)
Wands
 j - a wand of confusion (33/48)
 l - a wand of polymorph (21/24)
 m - a wand of digging (6/24)
 y - a wand of lightning (0/15)
 F - a wand of acid (1/15)
 M - a wand of disintegration (23/24)
 Y - a wand of scattershot (0/9)
Scrolls
 g - a scroll of identify
 w - a scroll of silence
 J - 5 scrolls of teleportation
 P - a scroll of amnesia
 R - 4 scrolls of fog
 W - a scroll of holy word
Potions
 r - 4 potions of invisibility
 s - 8 potions of brilliance
 x - 2 potions of flight
 Q - 4 potions of cancellation
 S - 2 potions of might
Books
 a - a book of Misfortune

   Spells                             Type                      Level
   a - Confusing Touch                Hexes                        1
   b - Confuse                        Hexes                        3
   c - Gell's Gravitas                Translocation                3
   d - Petrify                        Transmutation/Earth          4
   e - Metabolic Englaciation         Hexes/Ice                    5
   f - Yara's Violent Unravelling     Hexes/Transmutation          5
 b - a book of Callings

   Spells                             Type                      Level
   a - Summon Small Mammal            Summoning                    1
   b - Call Imp                       Summoning                    2
   c - Call Canine Familiar           Summoning                    3
   d - Summon Guardian Golem          Hexes/Summoning              3
   e - Summon Lightning Spire         Summoning/Air                4
   f - Summon Ice Beast               Ice/Summoning                4
 e - the Handbook of Supportive Translocation
   (You found it in a bailey)

   Spells                             Type                      Level
   a - Call Imp                       Summoning                    2
   b - Summon Lightning Spire         Summoning/Air                4
   c - Summon Forest                  Summoning/Translocation      5
 f - a book of Enchantments

   Spells                             Type                      Level
   a - Cause Fear                     Hexes                        4
   b - Yara's Violent Unravelling     Hexes/Transmutation          5
   c - Silence                        Hexes/Air                    5
   d - Deflect Missiles               Charms/Air                   6
   e - Discord                        Hexes                        8
 q - a book of Beasts

   Spells                             Type                      Level
   a - Summon Butterflies             Summoning                    1
   b - Call Canine Familiar           Summoning                    3
   c - Summon Ice Beast               Ice/Summoning                4
   d - Summon Mana Viper              Hexes/Summoning              5
   e - Summon Hydra                   Summoning                    7
 G - a book of Transfigurations

   Spells                             Type                      Level
   a - Irradiate                      Conjuration/Transmutation    5
   b - Statue Form                    Transmutation/Earth          6
   c - Hydra Form                     Transmutation                6
   d - Dragon Form                    Transmutation                7
 H - a book of Fire

   Spells                             Type                      Level
   a - Ignite Poison                  Fire/Transmutation/Poison    3
   b - Fireball                       Conjuration/Fire             5
   c - Bolt of Fire                   Conjuration/Fire             6
   d - Ring of Flames                 Charms/Fire                  7
   e - Ignition                       Fire                         8
 I - the Guide on Moulding
   (You bought it in a shop on level 9 of the Dungeon)

   Spells                             Type                      Level
   a - Ignite Poison                  Fire/Transmutation/Poison    3
   b - Irradiate                      Conjuration/Transmutation    5
   c - Yara's Violent Unravelling     Hexes/Transmutation          5
   d - Blade Hands                    Transmutation                5
   e - Statue Form                    Transmutation/Earth          6
 T - the Almanac of Stolen Souls and Poisoning
   (You found it on level 4 of the Lair of Beasts)

   Spells                             Type                      Level
   a - Poisonous Vapours              Poison/Air                   2
   b - Dispel Undead                  Necromancy                   5
   c - Simulacrum                     Ice/Necromancy               6
 V - the Volume of Earth and Air
   (You found it on level 4 of the Lair of Beasts)

   Spells                             Type                      Level
   a - Sandblast                      Earth                        1
   b - Poisonous Vapours              Poison/Air                   2
   c - Stone Arrow                    Conjuration/Earth            3
   d - Silence                        Hexes/Air                    5
   e - Shatter                        Earth                        9
Comestibles
 p - 17 royal jellies
 t - 6 meat rations


   Skills:
 + Level 9.8(5.8) Fighting
 + Level 9.8(5.8) Short Blades
 + Level 9.8(5.8) Long Blades
 + Level 9.8(5.8) Axes
 + Level 9.8(5.8) Maces & Flails
 + Level 9.8(5.8) Polearms
 + Level 9.8(5.8) Staves
 + Level 9.8(5.8) Slings
 + Level 9.8(5.8) Bows
 + Level 9.8(5.8) Crossbows
 + Level 9.8(5.8) Throwing
 + Level 9.8(5.8) Armour
 + Level 10.7(6.7) Dodging
 + Level 10.6(6.6) Stealth
 + Level 9.8(5.8) Shields
 + Level 9.8(5.8) Unarmed Combat
 + Level 10.9(6.9) Spellcasting
 + Level 8.2(4.2) Conjurations
 + Level 8.2(4.2) Hexes
 + Level 8.2(4.2) Charms
 + Level 10.8(6.8) Summonings
 + Level 8.2(4.2) Necromancy
 + Level 8.2(4.2) Translocations
 + Level 8.2(4.2) Transmutations
 + Level 8.2(4.2) Fire Magic
 + Level 8.2(4.2) Ice Magic
 + Level 8.2(4.2) Air Magic
 + Level 8.2(4.2) Earth Magic
 + Level 8.2(4.2) Poison Magic
   Level 10.6(6.6) Invocations
 + Level 9.8(5.8) Evocations


You had 4 spell levels left.
You knew the following spells:

 Your Spells              Type           Power        Failure   Level  Hunger
a - Call Imp              Summ           #####...     1%          2    None
b - Call Canine Familiar  Summ           #####...     1%          3    None
c - Summon Ice Beast      Ice/Summ       #####...     8%          4    ###....
d - Summon Mana Viper     Hex/Summ       #####...     22%         5    #####..
e - Fireball              Conj/Fire      ####......   36%         5    #####..
f - Bolt of Fire          Conj/Fire      ####......   91%         6    ######.
g - Stone Arrow           Conj/Erth      ####..       4%          3    None
h - Ignite Poison         Fire/Tmut/Pois ####....     4%          3    None


Dungeon Overview and Level Annotations

Branches:
Dungeon (12/15)            Temple (1/1) D:4            Lair (6/6) D:8
  Swamp (4/4) Lair:3       Spider (1/4) Lair:4        Slime (5/5) Lair:5
    Orc (2/2) D:10            Elf (0/3) Orc:2

Altars:
Ashenzari
Cheibriados
Dithmenos
Elyvilon
Fedhas
Gozag
Hepliaklqana
Kikubaaqudgha
Makhleb
Nemelex Xobeh
Okawaru
Qazlal
Ru
Sif Muna
Trog
Uskayaw
Vehumet
Wu Jian
Xom
Zin
Jiyva
Lugonu

Shops:
D:9 *   Orc:2 (?*=(

Annotations:
D:4 Menkaure
Swamp:2 exclusion: 2 oklob plants
Slime:5 Royal Jelly


Innate Abilities, Weirdness & Mutations

Your experience applies equally to all skills.
You have very sharp teeth.
Your uncanny sense of smell can sniff out nearby items.
You are partially covered in thin metallic scales. (AC +2)
You are resistant to electric shocks. (rElec)
Your body has grown golden eyes which may confuse attackers. (Acc +3)
Your rubbery body absorbs attacks. (AC +1, EV +1)


Message History

Your mana viper bites the eight-headed hydra!!
As you read the scroll of teleportation, it crumbles to dust.
You feel strangely unstable. The blink frog hits you.
* * * LOW HITPOINT WARNING * * *
The blink frog blinks!
You block the eight-headed hydra's attack.
The eight-headed hydra bites you.
* * * LOW HITPOINT WARNING * * *
The eight-headed hydra misses you. The eight-headed hydra bites you.
* * * LOW HITPOINT WARNING * * *
The eight-headed hydra barely misses you.
The eight-headed hydra closely misses you.
The eight-headed hydra barely misses you.
The eight-headed hydra bites you!
* * * LOW HITPOINT WARNING * * *
Your mana viper bites the eight-headed hydra!!
Your mana viper bites the eight-headed hydra.
You block the eight-headed hydra's attack.
The eight-headed hydra bites you!
You die...

.≈≈≈♣ ♣♣.♣♣ ♣.≈≈.≈.≈≈♣ ♣♣.J..<≈
.≈≈≈♣♣♣..♣♣♣♣♣....≈≈≈≈♣ ♣.≈≈≈≈≈≈
♣.≈.♣♣...≈...♣♣♣♣.....♣♣♣♣≈..≈≈≈≈
♣.J≈.♣.♣♣≈≈♣..♣♣♣.≈≈≈..♣♣≈≈♣.≈≈≈≈
♣♣.≈.≈≈♣♣.♣♣♣.≈♣≈≈.≈♣♣...≈≈.≈≈..≈
♣≈.≈♣♣♣♣.♣ ♣♣≈♣≈♣.≈≈♣.≈≈≈≈≈♣♣♣♣♣
♣≈≈≈..♣♣.♣ ♣♣≈..♣>≈≈♣.≈≈≈≈≈♣
♣≈≈≈≈≈...♣♣♣..≈≈♣≈≈≈♣.≈≈♣≈.♣
♣♣.≈≈≈≈♣....>§§@DYS...≈≈≈≈.♣
♣.≈≈.≈♣.≈≈♣≈.≈≈≈≈≈≈≈J≈..≈≈♣
♣.≈≈.≈≈≈≈..≈..≈≈≈≈≈§.≈≈≈≈§♣♣
♣.≈≈≈≈.≈≈≈.♣≈≈..≈..F.≈≈≈♣≈≈♣
♣.≈≈≈≈.≈≈≈..≈≈≈≈≈♣≈...≈≈♣≈≈♣
♣.≈≈.......♣♣♣≈.§≈≈≈≈.≈≈≈≈.♣♣
♣≈≈.≈♣♣♣♣♣♣♣ ♣♣♣≈.♣.≈≈≈J≈≈≈.♣♣
♣≈♣.♣♣ ♣♣..≈≈.≈≈Y≈≈≈.♣♣ ♣♣.≈.♣
♣♣.≈≈≈≈.F§J≈.≈≈


You could see an eight-headed hydra, a blink frog, a neutral jelly (fellow
slime), a friendly mana viper and a friendly ice beast.

Vanquished Creatures
  A thorn hunter (Swamp:2)
  A frost giant (IceCv)
  An orc warlord (Orc:1)
  2 dire elephants (Lair:6)
  3 hydras
  A ghost crab (Swamp:3)
  4 alligators
  2 death yaks
  Sonja (D:12)
  2 orc knights (Bailey)
  A necromancer (Lair:3)
  An oklob plant (Lair:4)
  A black mamba (Lair:5)
  2 elephants
  4 spiny frogs
  A komodo dragon (Lair:4)
  2 rime drakes (Lair:6)
  2 tyrant leeches
  3 polar bears (IceCv)
  10 blink frogs
  3 hornets (Swamp:1)
  3 dream sheep (Lair:4)
  11 yaks
  A redback (Lair:4)
  2 wyverns
  An insubstantial wisp (Swamp:1)
  2 swamp worms (Swamp:1)
  4 water moccasins
  7 porcupines
  15 orc warriors
  An ice beast (D:11)
  A sky beast (D:8)
  A swamp drake (Swamp:1)
  A phantom (D:5)
  4 ogres (Orc:1)
  17 centaurs
  4 wolves
  4 crocodiles
  A big kobold (D:10)
  5 bullfrogs
  A scorpion (D:4)
  2 killer bees
  3 howler monkeys (D:11)
  A crimson imp (D:5)
  A hound (D:4)
  A jelly (D:5)
  2 orc priests
  9 orc wizards
  An iguana (D:4)
  2 worker ants
  A hound skeleton (D:7)
  2 gnolls
  A shadow imp (D:11)
  A worm (D:3)
  A leopard gecko (D:5)
  34 orcs
  2 bats (D:2)
  A bat zombie (D:2)
  3 giant cockroaches
  6 goblins
  3 hobgoblins
  3 quokkas
  2 ball pythons (D:3)
  A frilled lizard (D:4)
  7 kobolds
  2 rats (D:1)
  A rat zombie (D:2)
  3 fungi
230 creatures vanquished.

Vanquished Creatures (collateral kills)
  Rupert (Lair:6)
  A tentacled monstrosity (Swamp:1)
  3 thorn hunters (Swamp:2)
  Kirke (Swamp:3)
  The ghost of spudlife the Fighter, a journeyman OgTm of Okawaru (Lair:2)
  3 dire elephants (Lair:6)
  2 hydras
  A catoblepas (Lair:6)
  An anaconda (Lair:6)
  Erica (D:11)
  6 two-headed ogres
  An alligator (Swamp:3)
  5 death yaks
  A swamp dragon (Swamp:3)
  A spriggan druid (Swamp:3)
  The ghost of kkknotok the Transmogrifier, a novice OpTm of Cheibriados (D:8)
  3 shambling mangroves
  A wolf spider (Lair:4)
  An orc sorcerer (Orc:2)
  5 orc knights
  4 oklob plants
  A cyclops (D:10)
  An ugly thing (D:11)
  14 elephants
  A black mamba (Lair:1)
  An ice statue (IceCv)
  7 spiny frogs
  4 rime drakes
  A komodo dragon (Lair:6)
  9 polar bears
  4 tyrant leeches
  4 trolls
  A bog body (Swamp:2)
  10 hornets
  8 slime creatures (Swamp:2)
  8 dream sheep
  8 blink frogs
  4 redbacks
  37 yaks
  9 spriggans
  3 hogs (Swamp:3)
  A shadow (Swamp:2)
  5 basilisks
  8 vampire mosquitoes
  20 swamp worms
  4 insubstantial wisps
  A soldier ant (D:11)
  11 water moccasins
  7 porcupines
  3 ice beasts
  2 swamp drakes
  A sky beast (D:5)
  28 orc warriors
  6 centaurs
  23 wolves
  9 ogres
  9 crocodiles
  16 bullfrogs
  4 scorpions
  8 killer bees
  4 wights (D:6)
  An electric eel (Lair:1)
  3 howler monkeys
  2 bullfrog zombies
  2 centaur zombies
  6 crimson imps
  2 quasits
  A gnoll shaman (D:5)
  8 orc priests
  A bullfrog skeleton (D:8)
  4 hounds
  5 jellies
  14 orc wizards
  A centaur skeleton (D:6)
  2 iguanas
  8 worker ants
  Ijyb (D:4)
  3 polar bear simulacra (Lair:3)
  4 yak simulacra (Lair:3)
  2 wolf simulacra (Lair:3)
  2 hound zombies
  3 hound skeletons
  A worker ant zombie (D:5)
  A howler monkey zombie (D:11)
  7 gnolls
  A howler monkey skeleton (D:8)
  8 adders
  6 oozes
  2 adder skeletons (D:4)
  5 worms
  4 dart slugs
  2 leopard geckos
  87 orcs
  5 bats
  2 bat zombies (D:2)
  5 goblins
  A hobgoblin (D:3)
  9 jackals
  5 quokkas
  A ball python (D:3)
  A frilled lizard (D:4)
  6 kobolds
  A quokka zombie (D:6)
  5 rats
  2 river rat simulacra (Lair:3)
  2 briar patches (Swamp:2)
  A butterfly (D:4)
  7 fungi
  11 plants
612 creatures vanquished.

Vanquished Creatures (others)
  7 acid blobs
  An azure jelly (Slime:2)
  A death ooze (Slime:5)
  A great orb of eyes (Slime:2)
  A glowing orange brain (Slime:3)
  An oklob plant (Swamp:2)
  A shining eye (Slime:3)
  A spiny frog (Swamp:3)
  3 hornets (Swamp:2)
  54 slime creatures
  A shadow (Swamp:3)
  A golden eye (Slime:5)
  2 vampire mosquitoes (Swamp:3)
  A swamp worm (Swamp:3)
  A swamp drake (Swamp:3)
  An orc warrior (Orc:2)
  26 jellies
  2 orcs (D:12)
  5 briar patches (Swamp:2)
  21 fungi
  8 plants
140 creatures vanquished.

Grand Total: 982 creatures vanquished

Notes
Turn   | Place    | Note
-------+----------+-------------------------------------------
     0 | D:1      | grizmgrazm2 the Gnoll Summoner began the quest for the Orb.
     0 | D:1      | Reached XP level 1. HP: 13/13 MP: 6/6
   309 | D:1      | Reached XP level 2. HP: 16/19 MP: 5/7
   313 | D:1      | Learned a level 2 spell: Call Imp
  1305 | D:2      | Found a snail-covered altar of Cheibriados.
  1315 | D:2      | Reached XP level 3. HP: 25/25 MP: 9/9
  1341 | D:2      | Reached skill level 5 in Spellcasting
  1485 | D:2      | Found an ancient bone altar of Kikubaaqudgha.
  1596 | D:2      | Reached skill level 1 in Invocations
  1667 | D:2      | Found a sparkling altar of Nemelex Xobeh.
  1847 | D:2      | Found a deep blue altar of Sif Muna.
  2285 | D:3      | Reached skill level 1 in Fighting
  2285 | D:3      | Reached skill level 1 in Short Blades
  2285 | D:3      | Reached skill level 1 in Long Blades
  2285 | D:3      | Reached skill level 1 in Axes
  2285 | D:3      | Reached skill level 1 in Maces & Flails
  2285 | D:3      | Reached skill level 1 in Polearms
  2285 | D:3      | Reached skill level 1 in Staves
  2285 | D:3      | Reached skill level 1 in Slings
  2285 | D:3      | Reached skill level 1 in Bows
  2285 | D:3      | Reached skill level 1 in Crossbows
  2285 | D:3      | Reached skill level 1 in Throwing
  2285 | D:3      | Reached skill level 1 in Armour
  2285 | D:3      | Reached skill level 1 in Shields
  2285 | D:3      | Reached skill level 1 in Unarmed Combat
  2285 | D:3      | Reached skill level 1 in Evocations
  2292 | D:3      | Reached XP level 4. HP: 32/32 MP: 7/11
  2746 | D:3      | Reached skill level 1 in Conjurations
  2746 | D:3      | Reached skill level 1 in Hexes
  2746 | D:3      | Reached skill level 1 in Charms
  2746 | D:3      | Reached skill level 1 in Necromancy
  2746 | D:3      | Reached skill level 1 in Translocations
  2746 | D:3      | Reached skill level 1 in Transmutations
  2746 | D:3      | Reached skill level 1 in Fire Magic
  2746 | D:3      | Reached skill level 1 in Ice Magic
  2746 | D:3      | Reached skill level 1 in Air Magic
  2746 | D:3      | Reached skill level 1 in Earth Magic
  2746 | D:3      | Reached skill level 1 in Poison Magic
  2767 | D:3      | Reached XP level 5. HP: 2/37 MP: 5/12
  3435 | D:3      | Found a bloodstained altar of Trog.
  3560 | D:4      | Reached XP level 6. HP: 42/44 MP: 13/13
  3583 | D:4      | Found a staircase to the Ecumenical Temple.
  3592 | Temple   | Entered the Ecumenical Temple
  3605 | Temple   | Became a worshipper of Ashenzari the Shackled
  3690 | D:4      | Reached skill level 5 in Dodging
  3746 | D:4      | Noticed Menkaure
  3761 | D:4      | You fall through a shaft!
  3761 | D:5      | Entered Level 5 of the Dungeon
  4016 | D:5      | Learned a level 3 spell: Call Canine Familiar
  4021 | D:5      | Found a shimmering altar of Xom.
  4146 | D:5      | Reached XP level 7. HP: 21/50 MP: 3/15
  4903 | D:5      | Reached skill level 5 in Stealth
  5302 | D:5      | Reached XP level 8. HP: 57/57 MP: 9/16
  5498 | D:4      | Noticed Ijyb
  5513 | D:4      | Killed Ijyb
  5706 | D:4      | Found a burning altar of Makhleb.
  5707 | D:4      | Found a sacrificial altar of Ru.
  5978 | D:4      | Found a blossoming altar of Fedhas.
  6003 | D:4      | Got the fustibalus of Wilixouh {venom, rC+++ MR- Str+6}
  6010 | D:4      | Reached * piety under Ashenzari
  6017 | D:4      | Noticed an oklob plant
  6101 | D:4      | Killed an oklob plant
  6195 | D:4      | Found an opulent altar of Gozag.
  6778 | D:6      | Found a hide-covered altar of Uskayaw.
  6932 | D:6      | Found a shimmering altar of Xom.
  7255 | D:7      | Reached XP level 9. HP: 42/65 MP: 1/18
  7807 | D:7      | Found a shadowy altar of Dithmenos.
  8132 | D:8      | Identified a scroll of acquirement
  8133 | D:8      | Got the cursed buckler "Ropaosop" {*Slow +Blink Dex+8 Stlth-}
  8139 | D:8      | Identified the cursed +0 buckler "Ropaosop" {*Slow +Blink Dex+8 Stlth-} (You acquired it on level 8 of the Dungeon)
  8157 | D:8      | Identified the cursed +5 fustibalus of Wilixouh {venom, rC+++ MR- Str+6} (You took it off an orc on level 4 of the Dungeon)
  8164 | D:8      | Noticed a two-headed ogre
  8190 | D:8      | Killed a two-headed ogre
  8207 | D:8      | Noticed a two-headed ogre
  8220 | D:8      | Killed a two-headed ogre
  8225 | D:8      | Noticed a two-headed ogre
  8248 | D:8      | Noticed kkknotok's ghost (novice OpTm)
  8729 | D:6      | Learned a level 4 spell: Summon Ice Beast
  8738 | D:7      | Reached skill level 5 in Invocations
  9202 | D:8      | Found an iron altar of Okawaru.
  9202 | D:8      | Found a hazy altar of Hepliaklqana.
  9243 | D:8      | Found a staircase to the Lair.
  9318 | D:8      | Killed a two-headed ogre
  9318 | D:8      | Reached XP level 10. HP: 71/73 MP: 11/20
  9639 | D:8      | Killed kkknotok's ghost
  9804 | Lair:1   | Entered Level 1 of the Lair of Beasts
  9807 | Lair:1   | Noticed a black mamba
  9816 | Lair:1   | Killed a black mamba
  9816 | Lair:1   | Reached skill level 5 in Fighting
  9816 | Lair:1   | Reached skill level 5 in Short Blades
  9816 | Lair:1   | Reached skill level 5 in Long Blades
  9816 | Lair:1   | Reached skill level 5 in Axes
  9816 | Lair:1   | Reached skill level 5 in Maces & Flails
  9816 | Lair:1   | Reached skill level 5 in Polearms
  9816 | Lair:1   | Reached skill level 5 in Staves
  9816 | Lair:1   | Reached skill level 5 in Slings
  9816 | Lair:1   | Reached skill level 5 in Bows
  9816 | Lair:1   | Reached skill level 5 in Crossbows
  9816 | Lair:1   | Reached skill level 5 in Throwing
  9816 | Lair:1   | Reached skill level 5 in Armour
  9816 | Lair:1   | Reached skill level 5 in Shields
  9816 | Lair:1   | Reached skill level 5 in Unarmed Combat
  9816 | Lair:1   | Reached skill level 5 in Evocations
 10060 | Lair:1   | Noticed a spiny frog
 10076 | Lair:1   | Killed a spiny frog
 10086 | Lair:1   | Learned a level 5 spell: Fireball
 10207 | Lair:1   | Noticed a spiny frog
 10227 | Lair:1   | Killed a spiny frog
 10321 | Lair:1   | Reached ** piety under Ashenzari
 11188 | Lair:2   | Noticed spudlife's ghost (journeyman OgTm)
 11447 | D:9      | Found Xoorump's Changing Room.
 11447 | D:9      | Reached *** piety under Ashenzari
 11515 | D:9      | Found a glowing silver altar of Zin.
 11580 | D:9      | Found an ornate altar of the Wu Jian Council.
 11580 | D:9      | Noticed a two-headed ogre
 11587 | D:9      | Killed a two-headed ogre
 11682 | D:9      | Noticed a two-headed ogre
 11702 | D:9      | Killed a two-headed ogre
 11702 | D:9      | Reached XP level 11. HP: 81/81 MP: 5/22
 12045 | D:10     | Entered Level 10 of the Dungeon
 12305 | D:10     | Found a staircase to the Orcish Mines.
 12760 | D:10     | Noticed a cyclops
 12773 | D:10     | Killed a cyclops
 13088 | Lair:2   | Learned a level 5 spell: Summon Mana Viper
 13297 | Lair:2   | Reached **** piety under Ashenzari
 13339 | Lair:2   | Reached skill level 5 in Conjurations
 13339 | Lair:2   | Reached skill level 5 in Hexes
 13339 | Lair:2   | Reached skill level 5 in Charms
 13339 | Lair:2   | Reached skill level 5 in Necromancy
 13339 | Lair:2   | Reached skill level 5 in Translocations
 13339 | Lair:2   | Reached skill level 5 in Transmutations
 13339 | Lair:2   | Reached skill level 5 in Fire Magic
 13339 | Lair:2   | Reached skill level 5 in Ice Magic
 13339 | Lair:2   | Reached skill level 5 in Air Magic
 13339 | Lair:2   | Reached skill level 5 in Earth Magic
 13339 | Lair:2   | Reached skill level 5 in Poison Magic
 13366 | Lair:2   | Got the cursed scarf of the Doge {rC+}
 13633 | Lair:2   | Killed spudlife's ghost
 13952 | Lair:3   | Noticed a necromancer
 13960 | Lair:3   | Killed a necromancer
 14257 | Lair:3   | Noticed a seven-headed hydra
 14269 | Lair:3   | Killed a seven-headed hydra
 14622 | Lair:3   | Found a staircase to the Swamp.
 14741 | Lair:3   | Reached ***** piety under Ashenzari
 15236 | Lair:4   | Noticed a wolf spider
 15237 | Lair:4   | Found a hole to the Spider Nest.
 15247 | Lair:4   | Killed a wolf spider
 15326 | Lair:4   | Identified the cursed scarf of the Doge {rC+} (You acquired it on level 2 of the Lair of Beasts)
 15605 | Lair:4   | Reached XP level 12. HP: 89/89 MP: 10/24
 16253 | Lair:4   | Identified the Almanac of Stolen Souls and Poisoning
 16267 | Lair:4   | Identified the Volume of Earth and Air
 17062 | Lair:5   | Found a staircase to the Slime Pits.
 17062 | Lair:5   | Found a viscous altar of Jiyva.
 17680 | Lair:6   | Entered Level 6 of the Lair of Beasts
 17680 | Lair:6   | Noticed a catoblepas
 17690 | Lair:6   | Killed a catoblepas
 17814 | Lair:6   | Noticed a seven-headed hydra
 18074 | Lair:6   | Noticed Rupert
 18076 | Lair:6   | Paralysed by Rupert for 4 turns
 18085 | Lair:6   | Killed Rupert
 18226 | Lair:6   | Killed a seven-headed hydra
 18276 | Lair:6   | Reached XP level 13. HP: 98/98 MP: 1/26
 20557 | Lair:6   | Noticed a dire elephant
 20557 | Lair:6   | Noticed a dire elephant
 20571 | Lair:6   | Noticed a dire elephant
 20748 | Lair:6   | Noticed a dire elephant
 20766 | Lair:6   | Killed a dire elephant
 20940 | Lair:6   | Noticed a dire elephant
 21030 | Lair:6   | Killed a dire elephant
 21051 | Lair:6   | Noticed a dire elephant
 21074 | Lair:6   | Killed a dire elephant
 21096 | Lair:6   | Killed a dire elephant
 21269 | Lair:6   | Killed a dire elephant
 21294 | Lair:6   | Got the cursed pair of gloves of Distant Worlds {*Corrode rF+ Str+3 Int+2}
 21300 | Lair:6   | Identified the cursed +0 pair of gloves of Distant Worlds {*Corrode rF+ Str+3 Int+2} (You found it on level 6 of the Lair of Beasts)
 21713 | Orc:1    | Entered Level 1 of the Orcish Mines
 21788 | Orc:1    | Found a flagged portal.
 21808 | Bailey   | Entered a bailey
 22344 | Bailey   | Found the +8 orange crystal plate armour {Archmagi, Int+3 Clar}
 22345 | Bailey   | Identified the Handbook of Supportive Translocation
 22409 | Bailey   | Reached skill level 10 in Summonings
 23293 | Orc:1    | Found a burning altar of Makhleb.
 23417 | Orc:2    | Entered Level 2 of the Orcish Mines
 24610 | Orc:2    | Noticed an orc warlord
 24723 | D:11     | Reached ****** piety under Ashenzari
 24936 | D:11     | Noticed Erica
 24943 | D:11     | Killed Erica
 25116 | D:11     | Reached skill level 10 in Spellcasting
 25122 | D:11     | Found a frozen archway.
 25210 | IceCv    | Entered an ice cave
 25277 | IceCv    | Reached XP level 14. HP: 106/106 MP: 2/28
 25734 | IceCv    | Learned a level 6 spell: Bolt of Fire
 27159 | IceCv    | Learned a level 3 spell: Stone Arrow
 27237 | IceCv    | Reached skill level 10 in Dodging
 27488 | IceCv    | Noticed a frost giant
 28244 | IceCv    | Killed a frost giant
 28820 | D:11     | Learned a level 3 spell: Ignite Poison
 29572 | Spider:1 | Entered Level 1 of the Spider Nest
 30311 | Orc:1    | Killed an orc warlord
 30311 | Orc:1    | Reached skill level 10 in Stealth
 30561 | Orc:2    | Found Adosopha's Weapon Shop.
 31114 | Orc:2    | Found Ruxaih's Magic Scroll Shop.
 31114 | Orc:2    | Found Wuholl's General Store.
 31116 | Orc:2    | Found Xularet's Jewellery Emporium.
 31118 | Orc:2    | Found Beto's Weapon Boutique.
 31122 | Orc:2    | Bought a scroll of remove curse for 42 gold pieces
 31122 | Orc:2    | Bought a scroll of remove curse for 42 gold pieces
 31122 | Orc:2    | Bought a scroll of silence for 105 gold pieces
 31123 | Orc:2    | Bought 12 sling bullets for 90 gold pieces
 31125 | Orc:2    | Bought an uncursed amulet of magic regeneration for 360 gold pieces
 31132 | Orc:2    | Bought 23 sling bullets for 149 gold pieces
 31245 | Orc:2    | Found a staircase to the Elven Halls.
 31586 | Swamp:1  | Entered Level 1 of the Swamp
 31797 | Swamp:1  | Reached skill level 10 in Invocations
 31806 | Swamp:1  | Paralysed by a hornet for 2 turns
 32299 | Swamp:1  | Noticed a tentacled monstrosity
 32324 | Swamp:1  | Killed a tentacled monstrosity
 34148 | Swamp:2  | Noticed a thorn hunter
 34159 | Swamp:2  | Killed a thorn hunter
 34341 | Lair:5   | Fell from the grace of Ashenzari
 34341 | Lair:5   | Became a worshipper of Jiyva Jaepauz the Shapeless
 34685 | D:9      | Bought a book of Transfigurations for 715 gold pieces
 34685 | D:9      | Bought the Guide on Moulding for 832 gold pieces
 34877 | D:12     | Noticed Sonja
 34886 | D:12     | Killed Sonja
 34893 | D:12     | Reached * piety under Jiyva
 35191 | Orc:2    | Reached ** piety under Jiyva
 35213 | Orc:2    | Reached *** piety under Jiyva
 35229 | Orc:2    | Gained mutation: You are resistant to electric shocks. (rElec) [Jiyva's grace]
 35230 | Orc:2    | Reached **** piety under Jiyva
 35238 | Orc:2    | Gained mutation: Your rubbery body absorbs attacks. (AC +1, EV +1) [Jiyva's grace]
 35244 | Orc:2    | Reached ***** piety under Jiyva
 35256 | Orc:2    | Gained mutation: Your body has grown golden eyes which may confuse attackers. (Acc +3) [Jiyva's grace]
 35262 | Orc:2    | Lost mutation: Your rubbery body absorbs attacks. (AC +1, EV +1) [Jiyva's grace]
 35417 | Orc:1    | Reached ****** piety under Jiyva
 35421 | Orc:1    | Gained mutation: You have a pair of small horns on your head. [Jiyva's grace]
 35662 | Slime:1  | Entered Level 1 of the Pits of Slime
 35707 | Slime:1  | Noticed an acid blob
 35801 | Slime:1  | Noticed an acid blob
 35838 | Slime:2  | Noticed an acid blob
 35847 | Slime:2  | Noticed an acid blob
 35848 | Slime:2  | Killed an acid blob
 35849 | Slime:2  | Noticed an azure jelly
 35857 | Slime:2  | Killed an azure jelly
 35861 | Slime:2  | Noticed an acid blob
 35862 | Slime:2  | Noticed an acid blob
 35865 | Slime:2  | Killed an acid blob
 35891 | Slime:2  | Killed an acid blob
 36045 | Slime:3  | Noticed an acid blob
 36083 | Slime:3  | Killed an acid blob
 36448 | Slime:5  | Entered Level 5 of the Pits of Slime
 36472 | Slime:5  | Noticed an acid blob
 36472 | Slime:5  | Noticed an azure jelly
 36478 | Slime:5  | Gained mutation: Your flesh is cold resistant. (rC+) [Jiyva's grace]
 36500 | Slime:5  | Found a viscous altar of Jiyva.
 36500 | Slime:5  | Noticed an acid blob
 36501 | Slime:5  | Noticed an azure jelly
 36502 | Slime:5  | Lost mutation: You have a pair of small horns on your head. [Jiyva's grace]
 36503 | Slime:5  | Found the +7 Singing Sword
 36507 | Slime:5  | Got a slimy rune of Zot
 36508 | Slime:5  | Noticed an acid blob
 36508 | Slime:5  | Noticed an acid blob
 36509 | Slime:5  | Gained mutation: Your rubbery body absorbs attacks. (AC +1, EV +1) [Jiyva's grace]
 36513 | Slime:5  | Noticed an acid blob
 36513 | Slime:5  | Killed an acid blob
 36524 | Slime:5  | Killed an acid blob
 36528 | Slime:5  | Noticed an acid blob
 36532 | Slime:5  | Killed an acid blob
 36543 | Slime:5  | Noticed the Royal Jelly
 36605 | Slime:5  | Noticed an acid blob
 36630 | Slime:5  | Noticed an acid blob
 36933 | Swamp:2  | Noticed a thorn hunter
 36934 | Swamp:2  | Noticed a thorn hunter
 37069 | Swamp:2  | Noticed a thorn hunter
 37082 | Swamp:2  | Killed a thorn hunter
 37082 | Swamp:2  | Reached XP level 15. HP: 87/114 MP: 26/29
 37084 | Swamp:2  | Lost mutation: Your flesh is cold resistant. (rC+) [Jiyva's grace]
 37136 | Swamp:2  | Killed a thorn hunter
 37151 | Swamp:2  | Killed a thorn hunter
 38210 | Swamp:3  | Gained mutation: You are partially covered in thin metallic scales. (AC +2) [Jiyva's grace]
 38590 | Swamp:4  | Entered Level 4 of the Swamp
 38590 | Swamp:4  | Noticed Kirke
 38642 | Swamp:3  | Killed Kirke
 38664 | Swamp:3  | HP: 2/115 [spriggan druid/angry trees (15)]
 38694 | Swamp:3  | HP: 3/115 [blink frog[a spriggan druid] (6)]
 39131 | Swamp:3  | Slain by an eight-headed hydra

Vault maps used:
D:1:      dpeg_arrival_tiny_k, hangedman_abyss_or_decor_stabs,
          roderic_roman_lattice
D:2:      lemuel_coloured_pillars_altar, lemuel_zombie_altar_kikubaaqudgha,
          nemelex_xobeh_ov_fountains_minmay, kennysheep_slug_shrine
D:3:      bloody_trog
D:4:      grunt_gozag_breadcrumbs, tgw_fedhas, gammafunk_temple_overflow_statue,
          minmay_temple_entry_butterflies, first_bread, uniq_menkaure, uniq_ijyb
D:5:      led_xom_imps, minivault_24
D:6:      lemuel_doored_altar, basic_altar, dk_noncrumbling_3
D:7:      old_standard_altar, minivault_11
D:8:      chequers_temple_overflow_statue_of_worship, dpeg_oklobed_lair,
          hangedman_little_slice_of_home, minmay_hedge_maze
D:9:      lemuel_round_altar, overflow_temple_1_default,
          nicolae_transmutations_shop
D:10:     hiddenorc2_lemuel, grunt_ministairs_8, kennysheep_potato
D:11:     portal_ice_cave_rime, serial_park_tiny_1, uniq_erica
D:12:     uniq_sonja
Temple:   corrupted_temple
Lair:1:   st_stairs_10, nicolae_quartered_pool_medium, grunt_forest_stairs_basic
Lair:3:   minmay_swamp_entry_worms, eino_house_with_fridge
Lair:4:   spider_nest_entry_funnel_web, minmay_lair_oklob_chamber,
          lemuel_fruit_tree, grunt_megastairs_1
Lair:5:   slime_altar_1
Lair:6:   due_jungle_book, minivault_26, uniq_rupert
Swamp:1:  cheibrodos_swamp_monstrosity, evilmike_swamp_ruin_house_3
Swamp:2:  nicolae_swamp_phyte_club, evilmike_swamp_ruin_rubble_1,
          infiniplex_staircase_pool
Swamp:3:  evilmike_swamp_ruin_house_4
Swamp:4:  swamp_basic_johnstein, swamp_pool1, uniq_kirke
Spider:1: uniq_agnes
Slime:3:  cheibrodos_slime_lost_civilization_9
Orc:1:    enter_bailey_7, basic_altar, mines2_lemuel
Orc:2:    st_orc_rangers, serial_shops, shop_coins, mines_bat_river
Bailey:   bailey_polearm_1, bailey
IceCv:    ice_cave_caverns_01

Skill      XL: |  1  2  3  4  5  6  7  8  9 10 11 12 13 14 |
---------------+-------------------------------------------+-----
Spellcasting   | 5 6 7 8 9 10 | 10.9
Invocations    | 1 2 3 4 5 6 7 8 9 10 | 10.6
Fighting       | 1 2 3 4 5 6 7 8 9 |  9.8
Short Blades   | 1 2 3 4 5 6 7 8 9 |  9.8
Long Blades    | 1 2 3 4 5 6 7 8 9 |  9.8
Axes           | 1 2 3 4 5 6 7 8 9 |  9.8
Maces & Flails | 1 2 3 4 5 6 7 8 9 |  9.8
Polearms       | 1 2 3 4 5 6 7 8 9 |  9.8
Staves         | 1 2 3 4 5 6 7 8 9 |  9.8
Slings         | 1 2 3 4 5 6 7 8 9 |  9.8
Bows           | 1 2 3 4 5 6 7 8 9 |  9.8
Crossbows      | 1 2 3 4 5 6 7 8 9 |  9.8
Throwing       | 1 2 3 4 5 6 7 8 9 |  9.8
Armour         | 1 2 3 4 5 6 7 8 9 |  9.8
Shields        | 1 2 3 4 5 6 7 8 9 |  9.8
Unarmed Combat | 1 2 3 4 5 6 7 8 9 |  9.8
Evocations     | 1 2 3 4 5 6 7 8 9 |  9.8
Conjurations   | 1 2 3 4 5 6 7 8 |  8.2
Hexes          | 1 2 3 4 5 6 7 8 |  8.2
Charms         | 1 2 3 4 5 6 7 8 |  8.2
Necromancy     | 1 2 3 4 5 6 7 8 |  8.2
Translocations | 1 2 3 4 5 6 7 8 |  8.2
Transmutations | 1 2 3 4 5 6 7 8 |  8.2
Fire Magic     | 1 2 3 4 5 6 7 8 |  8.2
Ice Magic      | 1 2 3 4 5 6 7 8 |  8.2
Air Magic      | 1 2 3 4 5 6 7 8 |  8.2
Earth Magic    | 1 2 3 4 5 6 7 8 |  8.2
Poison Magic   | 1 2 3 4 5 6 7 8 |  8.2
Dodging        | 5 6 7 8 9 10 | 10.7
Stealth        | 5 6 7 8 9 10 | 10.6
Summonings     | 8 9 10 | 10.8

Action                   |  1- 3 |  4- 6 |  7- 9 | 10-12 | 13-15 || total
-------------------------+-------+-------+-------+-------+-------++-------
Melee: Short sword       |    45 |       |       |       |       ||    45
       Club              |     2 |       |       |       |       ||     2
       Bite              |     4 |     9 |    14 |       |       ||    27
       Dagger            |       |   125 |    26 |       |       ||   151
       Falchion          |       |       |    65 |       |       ||    65
 Fire: Fustibalus        |       |       |    13 |   268 |   291 ||   572
 Cast: Summon Small Mamm |    13 |     3 |     5 |    11 |       ||    32
       Call Imp          |    23 |    33 |    80 |    41 |    64 ||   241
       Call Canine Famil |       |     4 |    49 |    40 |    73 ||   166
       Summon Ice Beast  |       |       |    11 |   106 |   318 ||   435
       Summon Mana Viper |       |       |       |    44 |    90 ||   134
       Fireball          |       |       |       |     3 |    26 ||    29
       Stone Arrow       |       |       |       |       |    25 ||    25
       Bolt of Fire      |       |       |       |       |    18 ||    18
       Ignite Poison     |       |       |       |       |    10 ||    10
Invok: Curse Item        |       |     2 |     1 |     1 |     4 ||     8
       Request Jelly     |       |       |       |       |     1 ||     1
 Abil: Evoke Blink       |       |       |       |       |     8 ||     8
Evoke: Wand              |       |       |       |       |    25 ||    25
  Use: Scroll            |       |     1 |    20 |    25 |    23 ||    69
       Potion            |       |       |     3 |     2 |     9 ||    14
 Stab: Sleeping          |     7 |     7 |     9 |       |       ||    23
       Distracted        |     1 |       |     1 |       |       ||     2
  Eat: Chunk             |     4 |     2 |     9 |    11 |    45 ||    71
       Bread ration      |       |     1 |     2 |     8 |     2 ||    13
       Fruit             |       |       |       |       |    19 ||    19
       Meat ration       |       |       |       |       |     1 ||     1
       Royal jelly       |       |       |       |       |     1 ||     1
Armor: Robe              |     7 |    14 |    21 |    20 |    44 ||   106
       Leather armour    |       |       |       |       |    48 ||    48
Dodge: Dodged            |    49 |   104 |   170 |    89 |   542 ||   954
Block: Buckler           |       |       |    18 |    57 |   291 ||   366
       Rpst.: Falchion   |       |       |    35 |       |       ||    35

Table legend:
 A = Spawn XP
 B = Non-spawn XP
 C = Spawn XP percentage of total XP
 D = Spawn monster count
 E = Non-spawn monster count
 F = Spawn count percentage of total count
 G = Total turns spent on level
                    A         B        C        D         E        F      G
               +---------+---------+-------+---------+---------+-------+---------
         Total |       0 |   98210 |   0.0 |       0 |     823 |   0.0 | 39131
               +---------+---------+-------+---------+---------+-------+---------
           D:1 |       0 |      22 |   0.0 |       0 |      18 |   0.0 |  1106
           D:2 |       0 |      43 |   0.0 |       0 |      21 |   0.0 |  1045
           D:3 |       0 |     136 |   0.0 |       0 |      33 |   0.0 |  1424
           D:4 |       0 |     815 |   0.0 |       0 |      43 |   0.0 |  1231
           D:5 |       0 |     737 |   0.0 |       0 |      26 |   0.0 |  1674
           D:6 |       0 |     492 |   0.0 |       0 |      21 |   0.0 |  1190
           D:7 |       0 |     891 |   0.0 |       0 |      34 |   0.0 |  1411
           D:8 |       0 |    2321 |   0.0 |       0 |      30 |   0.0 |  1186
           D:9 |       0 |    1180 |   0.0 |       0 |       8 |   0.0 |   674
          D:10 |       0 |    1434 |   0.0 |       0 |      60 |   0.0 |  1054
          D:11 |       0 |    3852 |   0.0 |       0 |      35 |   0.0 |   758
          D:12 |       0 |    2423 |   0.0 |       0 |       8 |   0.0 |   251
        Lair:1 |       0 |    2574 |   0.0 |       0 |      22 |   0.0 |  1728
        Lair:2 |       0 |    1585 |   0.0 |       0 |      10 |   0.0 |  1143
        Lair:3 |       0 |    2429 |   0.0 |       0 |      22 |   0.0 |  1651
        Lair:4 |       0 |    7194 |   0.0 |       0 |      44 |   0.0 |  1982
        Lair:5 |       0 |    4403 |   0.0 |       0 |      31 |   0.0 |  1521
        Lair:6 |       0 |   17620 |   0.0 |       0 |      50 |   0.0 |  3258
       Swamp:1 |       0 |    9022 |   0.0 |       0 |      41 |   0.0 |  1824
       Swamp:2 |       0 |   11169 |   0.0 |       0 |      43 |   0.0 |  1937
       Swamp:3 |       0 |    6706 |   0.0 |       0 |      25 |   0.0 |  1215
      Spider:1 |       0 |     230 |   0.0 |       0 |       2 |   0.0 |    13
         Orc:1 |       0 |    4686 |   0.0 |       0 |      39 |   0.0 |  2420
         Orc:2 |       0 |    4390 |   0.0 |       0 |      81 |   0.0 |  2125
        Bailey |       0 |    2042 |   0.0 |       0 |      18 |   0.0 |   792
         IceCv |       0 |    9814 |   0.0 |       0 |      58 |   0.0 |  3358
               +---------+---------+-------+---------+---------+-------+---------
